 Dungeon Crawl Stone Soup version 0.20-a0-270-g8e735b6 (webtiles) character file.

347 Lochraine the Cudgeler (level 6, 0/63 HPs)
             Began as an Ogre Wizard on Dec 9, 2016.
             Was a Follower of Okawaru.
             Slain by an orc priest
             ... wielding a +0 club
              (7 damage)
             ... on level 4 of the Dungeon.
             The game lasted 00:09:38 (4654 turns).

Lochraine the Cudgeler (Ogre Wizard)                Turns: 4654, Time: 00:09:39

Health: 0/63       AC:  3    Str: 12 (13) XL:     6   Next: 59%
Magic:  8/12       EV: 12    Int: 20 (22) God:    Okawaru [*.....]
Gold:   211        SH:  0    Dex:  7 (10) Spells: 12/13 levels left

rFire  . . .     SeeInvis .     h - +0 mace
rCold  + . .     Gourm    .     a - +0 robe
rNeg   . . .     Faith    .     (no shield)
rPois  .         Spirit   .     b - +0 hat
rElec  .         Reflect  .     (no cloak)
rCorr  .         Harm     .     (gloves unavailable)
MR     .....                    (boots unavailable)
Stlth  +++.......               (no amulet)
                                (no ring)
                                q - ring of protection from cold

@: brilliant, heroism
A: unfitting armour, tough skin 1
a: Heroism, Renounce Religion


You were on level 4 of the Dungeon.
You worshipped Okawaru.
Okawaru was aware of your devotion.
You were very hungry.

You visited 1 branch of the dungeon, and saw 4 of its levels.

You collected 211 gold pieces.

Inventory:

Hand Weapons
 e - a +0 club
 h - a +0 mace (weapon)
Armour
 a - a +0 robe (worn)
 b - a +0 hat (worn)
Jewellery
 q - a ring of protection from cold (left hand)
Scrolls
 j - a scroll of amnesia
 k - 2 scrolls of teleportation
 l - 4 scrolls of identify
 n - 2 scrolls of enchant armour {unknown}
 o - a scroll of fog {unknown}
 r - a scroll of blinking {unknown}
 u - a scroll of immolation
 v - 2 scrolls of fear {unknown}
 w - a scroll of random uselessness {unknown}
 y - 4 scrolls of remove curse {unknown}
Potions
 f - a potion of cure mutation
 g - 2 potions of flight
 x - a potion of haste {unknown}
Books
 c - a book of Minor Magic

   Spells                             Type                      Level
   a - Magic Dart                     Conjuration                  1
   b - Blink                          Translocation                2
   c - Call Imp                       Summoning                    2
   d - Repel Missiles                 Charms/Air                   2
   e - Slow                           Hexes                        2
   f - Conjure Flame                  Conjuration/Fire             3
   g - Mephitic Cloud                 Conjuration/Poison/Air       3
Comestibles
 d - 5 bread rations
 z - a beef jerky
 A - a slice of pizza
 B - 5 fruits


   Skills:
 + Level 4.6(9.6) Fighting
 + Level 4.7(9.7) Maces & Flails
 - Level 1.7(6.7) Dodging
 - Level 1.4(6.4) Stealth
 - Level 4.0 Spellcasting
 + Level 2.4 Conjurations
   Level 0.6 Summonings
   Level 0.6 Translocations


You had 12 spell levels left.
You knew the following spells:

 Your Spells              Type           Power        Failure   Level  Hunger
a - Magic Dart            Conj           ####         1%          1    None


Dungeon Overview and Level Annotations

Branches:
Dungeon (4/15)
 Temple: D:4-7

Altars:
Makhleb
Okawaru
Ru
Uskayaw
Xom

Annotations:
D:1 exclusion: downstairs
D:2 Natasha, Sigmund


Innate Abilities, Weirdness & Mutations

You are too large for most types of armour.
You have tough skin. (AC +1)


Message History

* * * LOW HITPOINT WARNING * * *
You hit the orc priest.
The orc priest is heavily wounded.
The orc priest barely misses you. The orc hits you with a short sword.
* * * LOW HITPOINT WARNING * * *
You barely miss the orc priest.
The orc priest is heavily wounded.
The orc barely misses you. The orc priest hits you with a club.
* * * LOW HITPOINT WARNING * * *
You barely miss the orc priest.
The orc priest is heavily wounded.
The orc completely misses you. The orc hits you with a mace.
* * * LOW HITPOINT WARNING * * *
The orc priest hits you but does no damage.
You closely miss the orc priest.
The orc priest is heavily wounded.
The orc misses you. The orc hits you with a mace.
* * * LOW HITPOINT WARNING * * *
The orc priest hits you with a club!
You die...

.#.....#....# .....o.########
.#.....#....# ..o..o.o......#
.#.....#....##########.......#
.#.....#....##....#..o.......#
.##....#'#####....#oo#.......#
..#....#....#.....#o.#.......#
..#....#....#....##o.#########
..#....#....#....##..##.....#
..#....#....##.o@##.o.......#
###....#....##.oo##.........#
#......#....##.....o........#
#......#....#....##..##.....#
'......#....#....##..##.....#
#......#....##...##.........#
#.....##....##'####.........#
'.....'..........######.....#
#.....#..........##..##.....#


You could see an orc priest and 2 orcs.

Vanquished Creatures
  A scorpion (D:4)
  A howler monkey (D:3)
  An orc wizard (D:4)
  A bullfrog skeleton (D:4)
  Natasha (D:2)
  5 adders
  3 gnolls (D:3)
  2 oozes
  An adder skeleton (D:4)
  A worm (D:3)
  2 leopard geckos (D:2)
  6 orcs
  3 ball pythons
  10 bats
  2 giant cockroaches
  5 goblins
  9 hobgoblins
  9 jackals
  4 kobolds
  2 quokkas
  3 frilled lizards
  9 rats
81 creatures vanquished.

Notes
Turn   | Place    | Note
-------+----------+-------------------------------------------
     0 | D:1      | Lochraine the Ogre Wizard began the quest for the Orb.
     0 | D:1      | Reached XP level 1. HP: 16/16 MP: 5/5
   117 | D:1      | Found an iron altar of Okawaru.
   128 | D:1      | Became a worshipper of Warmaster Okawaru
   158 | D:1      | Reached XP level 2. HP: 22/24 MP: 7/7
   217 | D:1      | Reached skill level 1 in Conjurations
   527 | D:1      | Reached skill level 1 in Maces & Flails
   865 | D:1      | Reached skill level 1 in Fighting
   988 | D:2      | Noticed Sigmund
  1067 | D:2      | Reached XP level 3. HP: 24/33 MP: 4/8
  1304 | D:2      | Found a hide-covered altar of Uskayaw.
  1611 | D:2      | Noticed Natasha
  1617 | D:2      | Killed Natasha
  1617 | D:2      | Reached XP level 4. HP: 29/44 MP: 7/10
  1702 | D:2      | Reached * piety under Okawaru
  1925 | D:2      | Noticed Natasha
  2343 | D:3      | Reached XP level 5. HP: 49/53 MP: 11/11
  2346 | D:3      | Found a sacrificial altar of Ru.
  3027 | D:3      | Found a shimmering altar of Xom.
  3755 | D:3      | Reached XP level 6. HP: 34/62 MP: 12/12
  4227 | D:4      | Found a burning altar of Makhleb.
  4227 | D:4      | Noticed a cacodemon
  4230 | D:4      | Noticed an orange demon
  4230 | D:4      | Noticed a hellwing
  4645 | D:4      | HP: 3/63 [orc priest/club (1)]
  4654 | D:4      | Slain by an orc priest

Vault maps used:
D:1:      dpeg_chamrin_arrival_tetris, okawaru_ov_weapons_minmay
D:2:      marbit_many_paths, uniq_sigmund, uniq_natasha
D:3:      old_standard_altar, overflow_temple_1_default, first_bread
D:4:      makhleb_altar_promises_db

Skill      XL: |  1  2  3  4  5 |
---------------+----------------+-----
Spellcasting   | 4 |  4.0
Conjurations   | 1 2 |  2.4
Maces & Flails | 2 3 4 |  4.7
Fighting       | 1 2 3 4 |  4.6
Dodging        | |  1.7
Stealth        | |  1.4
Summonings     | |  0.6
Translocations | |  0.6

Action                   |  1- 3 |  4- 6 || total
-------------------------+-------+-------++-------
Melee: Club              |    13 |       ||    13
       Unarmed           |    11 |       ||    11
       Mace              |   111 |   237 ||   348
       Punch             |       |     1 ||     1
 Cast: Magic Dart        |     8 |    21 ||    29
Invok: Heroism           |       |     3 ||     3
  Use: Potion            |       |     7 ||     7
       Scroll            |       |     4 ||     4
 Stab: Sleeping          |       |     1 ||     1
  Eat: Chunk             |     2 |     9 ||    11
Armor: Robe              |    40 |    85 ||   125
Dodge: Dodged            |    94 |   174 ||   268
